 Dungeon Crawl Stone Soup version 0.29.0-4-gdea44cf6ec (webtiles) character file.

Game seed: 12031464401491537727

30 qw the Ruffian (level 3, -1/28 HPs)
             Began as a Ghoul Fire Elementalist on Aug 29, 2022.
             Slain by Terence
             ... wielding a +0 falchion
              (6 damage)
             ... on level 2 of the Dungeon.
             The game lasted 00:01:25 (1685 turns).

qw the Ruffian (Ghoul Fire Elementalist)            Turns: 1685, Time: 00:01:26

Health: -1/28      AC:  5    Str: 13    XL:     3   Next: 18%
Magic:  4/4        EV: 10    Int: 10    God:
Gold:   78         SH:  0    Dex:  9    Spells: 4/5 levels left

rFire   . . .      SeeInvis .     - Unarmed
rCold   + . .      Faith    .   (no shield)
rNeg    + + +      Spirit   .   f - +0 ring mail
rPois   inf        Reflect  .   (no helmet)
rElec   .          Harm     .   (no cloak)
rCorr   .          Rampage  .   (no gloves)
Will    .....                   (no boots)
Stlth   +.........              (no amulet)
HPRegen 0.00/turn               (no ring)
MPRegen 0.09/turn               (no ring)

@: inhibited regen
A: claws 1, cold resistance 1, negative energy resistance 3, inhibited
regeneration, torment resistance 2, devour on kill
a: no special abilities


You were on level 2 of the Dungeon.
You visited 1 branch of the dungeon, and saw 2 of its levels.

You collected 78 gold pieces.


Innate Abilities, Weirdness & Mutations

You are immune to poison.
You have sharp fingernails.
Your flesh is cold resistant. (rC+)
You are immune to negative energy. (rN+++)
You do not regenerate when monsters are visible.
You are immune to unholy pain and torment.
You thrive by killing the living.


   Skills:
 - Level 1.0 Fighting
 - Level 1.7 Dodging
 - Level 2.1 Stealth
 + Level 2.6 Unarmed Combat
 - Level 1.7 Spellcasting
 - Level 0.7 Conjurations
 - Level 2.4 Fire Magic


You had 4 spell levels left.
You knew the following spells:

 Your Spells              Type           Power      Damage    Failure   Level
a - Foxfire               Conj/Fire      16%        2x1d4     36%         1

Your spell library contained the following spells:

 Spells                   Type           Power      Damage    Failure   Level
 Scorch                   Fire           10%        2d6       36%         2
 Conjure Flame            Conj/Fire      4%         6-21      73%         3
 Inner Flame              Hex/Fire       3%         N/A       78%         3
 Flame Wave               Conj/Fire      4%         2d5       98%         4

Inventory:

Armour
 f - a +0 ring mail (worn)
Jewellery
 b - a ring of wizardry
Scrolls
 e - a scroll of identify
 g - a scroll of enchant armour
Potions
 a - a potion of mutation
 c - a potion of curing

Dungeon Overview and Level Annotations

Branches:
Dungeon (2/15)

Altars:

Shops:
D:1 :

Annotations:
D:2 Terence


Message History

1604 ||| Stepping ~*~*~tactically~*~*~ (stealth).
There is a stone staircase leading up here.
You scratch the rat.
You kill the rat!
You feel better.
A rat comes into view.
Enter note: You claw the rat!
You kill the rat!
Found a stone staircase leading down.
Found a stone staircase leading down.
A kobold comes into view. It is wielding a +0 short sword.
The kobold shouts!
The kobold throws a stone.
The stone hits you but does no damage.
The kobold throws a stone.
The stone hits you but does no damage.
The kobold throws a stone.
The stone closely misses you.
You scratch the kobold.
You kill the kobold!
Things that are here:
a +0 short sword; 2 stones
b - a ring of wizardry Terence the Incautious comes into view.
He is wielding a +0 falchion.
Terence shouts!
1675 ||| Stepping ~*~*~tactically~*~*~ (stealth).
1676 ||| Stepping ~*~*~tactically~*~*~ (stealth).
The endoplasm quivers.
You barely miss Terence. Terence closely misses you.
You barely miss Terence. Terence hits you with a +0 falchion.
You closely miss Terence. Terence hits you with a +0 falchion.
You barely miss Terence. Terence hits you with a +0 falchion!
You barely miss Terence. Terence hits you with a +0 falchion!
The endoplasm jiggles.
You scratch Terence but do no damage. Terence hits you with a +0 falchion.
You die...

#.###.##.###>.....J
#.###.##.#.%.#
####.#.......<###
####......##.#.###
.....##.####.#.#
#.>.....####.#.# .
##........##.#.# ...
#..............######.....
..........#.#...@@J.......
.........##....#####......
......)..###.#..# #....
.......>.# #....# .J.
.........# ####.# .
#.......## ### .........#
.........# .........#


You could see Terence and an endoplasm.

Vanquished Creatures
  3 ball pythons (D:1)
  2 endoplasms (D:1)
  A giant cockroach (D:1)
  3 hobgoblins (D:1)
  2 quokkas
  7 bats
  2 frilled lizards
  3 goblins (D:1)
  2 kobolds
  5 rats
30 creatures vanquished.

Notes
Turn   | Place    | Note
-------+----------+-------------------------------------------
     0 | D:1      | qw the Ghoul Fire Elementalist began the quest for the Orb.
     0 | D:1      | Reached XP level 1. HP: 14/14 MP: 2/2
     0 | D:1      | 0 ||| qw: Version: 0.1-a-90-g952f4b7
     0 | D:1      | 0 ||| qw: Game counter: 3986
     0 | D:1      | 0 ||| qw: Always use a shield: true
     0 | D:1      | 0 ||| qw: God list: Okawaru
     0 | D:1      | 0 ||| qw: Allow faded altars: false
     0 | D:1      | 0 ||| qw: Do Orc after D:15 true
     0 | D:1      | 0 ||| qw: Do second Lair branch before Depths: true
     0 | D:1      | 0 ||| qw: Lair rune preference: random
     0 | D:1      | 0 ||| qw: Plans: Normal
     0 | D:1      | 0 ||| PLANNING D:1-11
   138 | D:1      | Found Neomiamm's Book Emporium.
   140 | D:1      | 140 ||| UPGRADING to +0 ring mail.
   206 | D:1      | 206 ||| DROPPING +0 robe.
   209 | D:1      | 209 ||| READING 3 scrolls labelled XEDGHU DIRUJUCW.
   212 | D:1      | 212 ||| READING scroll labelled AFRA CIDEO.
   310 | D:1      | Reached skill level 1 in Unarmed Combat
   314 | D:1      | 314 ||| Stepping ~*~*~tactically~*~*~ (outnumbered).
   321 | D:1      | Reached skill level 1 in Fighting
   321 | D:1      | Reached XP level 2. HP: 10/23 MP: 3/3
  1185 | D:1      | Reached XP level 3. HP: 28/28 MP: 4/4
  1439 | D:1      | 1439 ||| READING 2 scrolls labelled MEEJUH POCWUO.
  1440 | D:1      | 1440 ||| READING 2 scrolls labelled ZAEXI GUORE.
  1541 | D:1      | 1541 ||| READING scroll labelled PALUAS CAM WEV.
  1542 | D:1      | 1542 ||| READING scroll labelled JIMMEYNT IVEDY.
  1543 | D:1      | 1543 ||| READING 3 scrolls of identify.
  1543 | D:1      | 1543 ||| IDENTIFYING smoky brown potion
  1544 | D:1      | 1544 ||| READING 2 scrolls of identify.
  1544 | D:1      | 1544 ||| IDENTIFYING black potion
  1545 | D:1      | 1545 ||| DROPPING potion of magic.
  1546 | D:1      | 1546 ||| DROPPING scroll of silence.
  1604 | D:2      | 1604 ||| Stepping ~*~*~tactically~*~*~ (stealth).
  1672 | D:2      | Noticed Terence
  1675 | D:2      | 1675 ||| Stepping ~*~*~tactically~*~*~ (stealth).
  1676 | D:2      | 1676 ||| Stepping ~*~*~tactically~*~*~ (stealth).
  1684 | D:2      | HP: 5/28 [Terence/+0 falchion (7)]
  1685 | D:2      | Slain by Terence

Levels and vault maps discovered:
D:1:      elethiomel_arrival_shortcut, layout_loops_ring, serial_shops,
          nicolae_shop_window_shopping, minmay_misc_feat_rugged
D:2:      layout_rooms, minmay_box_of_dots, uniq_sigmund, uniq_jessica,
          uniq_terence

Skill      XL: |  1  2 |
---------------+-------+-----
Unarmed Combat | 1 2 |  2.6
Fighting       | 1 |  1.0
Dodging        | |  1.7
Stealth        | |  2.1
Spellcasting   | |  1.7
Conjurations   | |  0.7
Fire Magic     | |  2.4

Action                   || total
-------------------------++-------
Melee: Unarmed           ||   125
       Punch             ||     1
  Use: Scroll            ||     8
Armor: Ring mail         ||    71
Dodge: Dodged            ||    81

Table legend:
 A = Non-vault XP
 B = Vault XP
 C = Vault XP percentage of total XP
 D = Non-vault monster count
 E = Vault monster count
 F = Vault count percentage of total count
                 A         B        C        D         E       F
            +---------+---------+-------+---------+---------+-------
      Total |      43 |       0 |   0.0 |      30 |       0 |   0.0
            +---------+---------+-------+---------+---------+-------
        D:1 |      36 |       0 |   0.0 |      24 |       0 |   0.0
        D:2 |       7 |       0 |   0.0 |       6 |       0 |   0.0
            +---------+---------+-------+---------+---------+-------
